 Dungeon Crawl Stone Soup version 0.29.0-4-gdea44cf6ec (webtiles) character file.

Game seed: 5651699438614760570

42 qw the Chopper (level 3, 0/21 HPs)
             Began as a Tengu Warper on Aug 28, 2022.
             Slain by Terence
             ... wielding a +0 hand axe
              (1 damage)
             ... on level 2 of the Dungeon.
             The game lasted 00:00:08 (1509 turns).

qw the Chopper (Tengu Warper)                       Turns: 1509, Time: 00:00:08

Health: 0/21       AC:  3    Str: 13    XL:     3   Next: 54%
Magic:  7/7        EV: 12    Int: 13    God:
Gold:   81         SH:  0    Dex: 13    Spells: 6/6 levels left

rFire   . . .      SeeInvis .   Y - +0 hand axe
rCold   . . .      Faith    .   (no shield)
rNeg    . . .      Spirit   .   b - +0 leather armour
rPois   .          Reflect  .   (helmet restricted)
rElec   .          Harm     .   (no cloak)
rCorr   .          Rampage  .   (no gloves)
Will    .....                   (boots unavailable)
Stlth   +.........              (no amulet)
HPRegen 0.07/turn               (no ring)
MPRegen 0.10/turn               (no ring)

@: no status effects
A: beak, talons 3
a: no special abilities


You were on level 2 of the Dungeon.
You visited 1 branch of the dungeon, and saw 2 of its levels.

You collected 81 gold pieces.


Innate Abilities, Weirdness & Mutations

You have a beak for a mouth.
You have claws for feet.


   Skills:
 - Level 2.0 Fighting
 + Level 4.2 Axes
 - Level 1.0 Throwing
 - Level 1.1 Armour
 - Level 2.1 Dodging
 - Level 2.0 Spellcasting
 - Level 2.4 Translocations


You had 6 spell levels left.
You didn't know any spells.
Your spell library contained the following spells:

 Spells                   Type           Power      Damage    Failure   Level
 Blink                    Tloc           14%        N/A       19%         2
 Gell's Gravitas          Tloc           7%         N/A       36%         3
 Lesser Beckoning         Tloc           7%         N/A       36%         3
 Teleport Other           Tloc           7%         N/A       36%         3
 Manifold Assault         Tloc           7%         N/A       98%         5

Inventory:

Hand Weapons
 c - a +0 whip
 Y - a +0 hand axe (weapon)
Armour
 b - a +0 leather armour (worn)
Scrolls
 f - a scroll of identify
Potions
 g - 3 potions of curing
 i - a potion of heal wounds {unknown}

Dungeon Overview and Level Annotations

Branches:
Dungeon (2/15)

Altars:

Annotations:
D:2 Terence


Message History

You completely miss Terence. You claw Terence.
Terence is lightly wounded.
Terence hits you but does no damage.
You hit Terence but do no damage. You claw Terence.
Terence is moderately wounded.
Terence barely misses you.
You slash Terence! You claw Terence, but do no damage.
Terence is heavily wounded.
Terence misses you.
You hit Terence but do no damage. You peck Terence, but do no damage.
Terence is heavily wounded.
Terence hits you with a +0 hand axe.
You hit Terence. You claw Terence, but do no damage.
You peck Terence, but do no damage.
Terence is severely wounded.
Terence hits you but does no damage.
You hit Terence but do no damage. You claw Terence, but do no damage.
Terence is severely wounded.
Terence hits you with a +0 hand axe!
You hit Terence but do no damage.
Terence is severely wounded.
Terence hits you with a +0 hand axe.
You hit Terence.
Terence is severely wounded.
Terence misses you.
You closely miss Terence. You claw Terence, but do no damage.
Your peck misses Terence.
Terence is severely wounded.
Terence hits you with a +0 hand axe. x2
You hit Terence but do no damage.
Terence is severely wounded.
Terence closely misses you.
You barely miss Terence.
Terence is severely wounded.
Terence hits you with a +0 hand axe.
You hit Terence but do no damage. Your kick misses Terence.
You peck Terence, but do no damage.
Terence is severely wounded.
Terence hits you with a +0 hand axe.
You die...

.. .. .#
### .....
# .#.# #.
...#
#####.##.#
......@@.#
#####.#..#
.. #..# ##
#..#
#..###
#....#
###..#
#.(# #..#


You could see Terence.

Vanquished Creatures
  An adder (D:2)
  3 ball pythons (D:1)
  5 bats
  2 endoplasms (D:1)
  4 hobgoblins
  4 jackals
  2 kobolds
  A quokka (D:2)
  6 frilled lizards
  2 rats (D:1)
30 creatures vanquished.

Vanquished Creatures (others)
  2 demonic plants (D:1)
  2 withered plants (D:1)
4 creatures vanquished.

Grand Total: 34 creatures vanquished

Notes
Turn   | Place    | Note
-------+----------+-------------------------------------------
     0 | D:1      | qw the Tengu Warper began the quest for the Orb.
     0 | D:1      | Reached XP level 1. HP: 12/12 MP: 4/4
     0 | D:1      | 0 ||| qw: Version: 0.1-a-89-g26bdef1
     0 | D:1      | 0 ||| qw: Game counter: 2451
     0 | D:1      | 0 ||| qw: Always use a shield: true
     0 | D:1      | 0 ||| qw: God list: Okawaru
     0 | D:1      | 0 ||| qw: Allow faded altars: false
     0 | D:1      | 0 ||| qw: Do Orc after D:15 true
     0 | D:1      | 0 ||| qw: Do second Lair branch before Depths: true
     0 | D:1      | 0 ||| qw: Lair rune preference: random
     0 | D:1      | 0 ||| qw: Plans: Normal
     0 | D:1      | 0 ||| PLANNING D:1-11
   180 | D:1      | Reached XP level 2. HP: 17/17 MP: 6/6
   274 | D:1      | Reached skill level 3 in Axes
   337 | D:1      | Found a faded altar of an unknown god.
  1091 | D:1      | 1091 ||| READING scroll labelled ONWERR UDDU.
  1096 | D:1      | 1096 ||| READING scroll labelled DOEBED TACE.
  1097 | D:1      | 1097 ||| READING 2 scrolls labelled LEAFUA VOQA.
  1098 | D:1      | 1098 ||| READING scroll labelled YCHOMUELES.
  1099 | D:1      | 1099 ||| READING scroll labelled FUGACZ UPNOASM.
  1100 | D:1      | 1100 ||| READING scroll labelled FIHETU NEVU.
  1101 | D:1      | 1101 ||| DRINKING 2 yellow potions.
  1102 | D:1      | 1102 ||| DROPPING scroll of blinking.
  1146 | D:2      | 1146 ||| DROPPING +0 club.
  1299 | D:2      | 1299 ||| Stepping ~*~*~tactically~*~*~ (stealth).
  1307 | D:2      | Reached XP level 3. HP: 21/21 MP: 7/7
  1373 | D:2      | 1373 ||| Stepping ~*~*~tactically~*~*~ (stealth).
  1409 | D:2      | Reached skill level 4 in Axes
  1465 | D:2      | 1465 ||| Stepping ~*~*~tactically~*~*~ (stealth).
  1493 | D:2      | Noticed Terence
  1506 | D:2      | HP: 5/21 [Terence/+0 hand axe (2)]
  1508 | D:2      | HP: 1/21 [Terence/+0 hand axe (4)]
  1509 | D:2      | Slain by Terence

Levels and vault maps discovered:
D:1:      psy_arrival_radial01, layout_loops_ring, shapermc_ecumenical_altar_gd,
          moated_statue, minivault_19, minmay_misc_feat_roman, st_stairs_14,
          serial_bayou_pond_d, minmay_hedge_maze,
          nicolae_concentric_dashed_squares_wild
D:2:      layout_loops_ring, uniq_sigmund, uniq_terence

Skill      XL: |  1  2  3 |
---------------+----------+-----
Axes           | 3 4 |  4.2
Fighting       | |  2.0
Throwing       | |  1.0
Armour         | |  1.1
Dodging        | |  2.1
Spellcasting   | |  2.0
Translocations | |  2.4

Action                   || total
-------------------------++-------
Melee: Hand axe          ||    65
       Peck              ||     9
       Punch             ||     1
       Kick              ||    20
Throw: Boomerang         ||     7
  Use: Scroll            ||     6
       Potion            ||     1
Armor: Leather armour    ||    17
Dodge: Dodged            ||    28

Table legend:
 A = Non-vault XP
 B = Vault XP
 C = Vault XP percentage of total XP
 D = Non-vault monster count
 E = Vault monster count
 F = Vault count percentage of total count
                 A         B        C        D         E       F
            +---------+---------+-------+---------+---------+-------
      Total |      58 |       2 |   3.3 |      29 |       1 |   3.3
            +---------+---------+-------+---------+---------+-------
        D:1 |      24 |       2 |   7.7 |      15 |       1 |   6.2
        D:2 |      34 |       0 |   0.0 |      14 |       0 |   0.0
            +---------+---------+-------+---------+---------+-------
